 Dungeon Crawl Stone Soup version 0.29.0-4-gdea44cf6ec (webtiles) character file.

Game seed: 2607774928556759712

218 qw the Chopper (level 5, -6/33 HPs)
             Began as a Gargoyle Fighter on Sept 10, 2022.
             Engulfed by a steam dragon's steam (8 damage)
             ... on level 5 of the Dungeon.
             The game lasted 00:01:04 (3235 turns).

qw the Chopper (Gargoyle Fighter)                   Turns: 3235, Time: 00:01:05

Health: -6/33      AC: 15    Str: 19 (21) XL:     5   Next: 95%
Magic:  5/5        EV:  7    Int:  7 (9)  God:
Gold:   145        SH:  4    Dex:  9      Spells: 4/4 levels left

rFire   . . .      SeeInvis .   Y - +0 war axe
rCold   . . .      Faith    .   c - +0 buckler
rNeg    + + .      Spirit   .   n - +0 chain mail
rPois   inf        Reflect  .   (no helmet)
rElec   +          Harm     .   (no cloak)
rCorr   .          Rampage  .   m - +0 pair of gloves
Will    .....                   g - +0 pair of boots
Stlth   ..........              (no amulet)
HPRegen 0.11/turn               b - ring of positive energy
MPRegen 0.09/turn               (no ring)

@: no status effects
A: sickness immunity, AC +4, negative energy resistance 1, electricity
resistance, torment resistance 1, petrification resistance
a: no special abilities


You were on level 5 of the Dungeon.
You visited 1 branch of the dungeon, and saw 5 of its levels.

You collected 145 gold pieces.


Innate Abilities, Weirdness & Mutations

You are immune to sickness and miasma.
Your stone body is resilient. (AC +4)
You are immune to poison.
You resist negative energy. (rN+)
You are resistant to electric shocks. (rElec)
You are resistant to unholy torment.
You are immune to petrification.


   Skills:
 + Level 3.8 Fighting
 - Level 5.2 Axes
 - Level 3.2 Armour
 - Level 3.2 Shields


You had 4 spell levels left.
You didn't know any spells.
Your spell library was empty.

Inventory:

Hand Weapons
 f - a +0 whip
 Y - a +0 war axe (weapon)
Armour
 c - a +0 buckler (worn)
 g - a +0 pair of boots (worn)
 m - a +0 pair of gloves (worn)
 n - a +0 chain mail (worn)
Jewellery
 b - a ring of positive energy (left hand)
Scrolls
 h - 3 scrolls of identify
 o - a scroll of blinking
Potions
 d - a potion of might
 j - 2 potions of curing
 k - a potion of haste

Dungeon Overview and Level Annotations

Branches:
Dungeon (6/15)
 Temple: D:4-7

Altars:


Message History

The jelly is severely wounded.
The jelly hits you but does no damage.
You hit the jelly.
Your hands burn!
The jelly is almost dead.
You block the jelly's attack.
You hit the jelly.
You kill the jelly!
You feel your dexterity returning.
You start resting.
You are no longer corroded.
HP restored.
The steam dragon hisses angrily.
Enter note: The steam dragon bites you!
The steam dragon claws you but does no damage.
You hit the steam dragon but do no damage.
The steam dragon bites you.
The steam dragon claws you but does no damage.
You hit the steam dragon but do no damage.
The steam dragon bites you but does no damage.
The steam dragon claws you but does no damage.
You hit the steam dragon but do no damage.
The steam dragon breathes steam at you. The ball of steam hits you!
The steam dragon closely misses you.
The steam dragon claws you but does no damage.
You hear a bark! x2
You hit the steam dragon but do no damage.
You are engulfed in a cloud of scalding steam.
The steam dragon completely misses you. The steam dragon claws you.
You hit the steam dragon.
The steam dragon is lightly wounded.
The steam dragon barely misses you. You block the steam dragon's attack.
You hit the steam dragon.
The steam dragon is moderately wounded.
A jackal comes into view.
The steam dragon bites you. The steam dragon claws you.
You closely miss the steam dragon.
The steam dragon is moderately wounded.
You are engulfed in a cloud of scalding steam.
You die...

....## ##### #
##########h##############
..%.....##.....D@.¤.¤...#
#######.##.############.#
#.###### #.# #.#....# #.#
#.#.##.##########.##
#.#................#
#.#..#.#############
#.#..#.# #.#..#.#


You could see a steam dragon and a jackal (wandering).

Vanquished Creatures
  A necrophage (D:6)
  2 jellies (D:5)
  2 adders
  A worm (D:2)
  A dart slug (D:1)
  An orc (D:5)
  8 ball pythons
  7 endoplasms
  15 giant cockroaches
  4 goblins
  4 hobgoblins
  3 jackals (D:2)
  4 quokkas
  4 bats
  6 frilled lizards
  6 kobolds
  7 rats
76 creatures vanquished.

Vanquished Creatures (others)
  2 plants (D:6)
2 creatures vanquished.

Grand Total: 78 creatures vanquished

Notes
Turn   | Place    | Note
-------+----------+-------------------------------------------
     0 | D:1      | qw the Gargoyle Fighter began the quest for the Orb.
     0 | D:1      | Reached XP level 1. HP: 14/14 MP: 1/1
     0 | D:1      | 0 ||| qw: Version: 0.1-a-116-g5d60599
     0 | D:1      | 0 ||| qw: Game counter: 7516
     0 | D:1      | 0 ||| qw: Always use a shield: true
     0 | D:1      | 0 ||| qw: God list: Okawaru
     0 | D:1      | 0 ||| qw: Allow faded altars: false
     0 | D:1      | 0 ||| qw: Do Orc after D:15 true
     0 | D:1      | 0 ||| qw: Do second Lair branch before Depths: true
     0 | D:1      | 0 ||| qw: Lair rune preference: random
     0 | D:1      | 0 ||| qw: Plans: Normal, Zot, God:TSO, Crypt, Tomb, Zig,
                  | Orb
     0 | D:1      | 0 ||| PLANNING D:1-11
    23 | D:1      | Reached skill level 2 in Axes
   377 | D:1      | Found a faded altar of an unknown god.
   408 | D:1      | Reached XP level 2. HP: 19/19 MP: 2/2
   781 | D:1      | Reached skill level 3 in Axes
   797 | D:1      | Reached XP level 3. HP: 15/23 MP: 3/3
  1380 | D:1      | 1380 ||| DROPPING ring of magical power.
  1381 | D:1      | 1381 ||| READING scroll labelled XECLIO VYINEM.
  1385 | D:1      | 1385 ||| READING 2 scrolls labelled ENURUP OMNUDAO.
  1386 | D:1      | 1386 ||| READING scroll labelled LAZEMA COGG.
  1387 | D:1      | 1387 ||| READING scroll labelled TUOTEO XIUTU.
  1466 | D:2      | 1466 ||| STAIRDANCE
  1619 | D:2      | 1619 ||| Stepping ~*~*~tactically~*~*~ (stealth).
  1806 | D:2      | Reached XP level 4. HP: 28/28 MP: 4/4
  1837 | D:2      | 1837 ||| Stepping ~*~*~tactically~*~*~ (stealth).
  1839 | D:2      | 1839 ||| Stepping ~*~*~tactically~*~*~ (stealth).
  1848 | D:2      | 1848 ||| Stepping ~*~*~tactically~*~*~ (stealth).
  1918 | D:2      | Reached skill level 4 in Axes
  1996 | D:2      | 1996 ||| UPGRADING to +0 pair of boots.
  2001 | D:2      | 2001 ||| READING scroll labelled ZIEV IRPHIL.
  2002 | D:2      | 2002 ||| DRINKING 3 clear potions.
  2003 | D:2      | 2003 ||| READING 2 scrolls of identify.
  2003 | D:2      | 2003 ||| IDENTIFYING glowing black potion
  2004 | D:2      | 2004 ||| DROPPING potion of invisibility.
  2469 | D:3      | You fall into a shaft and drop 3 floors!
  2504 | D:6      | Noticed a necrophage
  2524 | D:6      | Killed a necrophage
  2525 | D:6      | Reached XP level 5. HP: 24/32 MP: 5/5
  2618 | D:6      | 2618 ||| UPGRADING to +0 pair of gloves.
  2623 | D:6      | 2623 ||| UPGRADING to +0 chain mail.
  2633 | D:6      | 2633 ||| DROPPING +0 scale mail.
  2634 | D:6      | 2634 ||| READING scroll labelled GEUNYN FUMIYN.
  2635 | D:6      | 2635 ||| DRINKING 2 murky blue potions.
  2636 | D:6      | 2636 ||| DRINKING 3 bubbling pink potions.
  2637 | D:6      | 2637 ||| READING 4 scrolls of identify.
  2637 | D:6      | 2637 ||| IDENTIFYING silvery potion
  2638 | D:6      | 2638 ||| DROPPING 2 potions of degeneration.
  2645 | D:5      | Entered Level 5 of the Dungeon
  2805 | D:5      | Reached skill level 5 in Axes
  2867 | D:5      | Noticed a steam dragon
  2868 | D:5      | 2868 ||| Stepping ~*~*~tactically~*~*~ (cloud).
  2871 | D:5      | 2871 ||| UPGRADING to ring of positive energy.
  2875 | D:5      | HP: 7/32 [steam dragon (6)]
  2876 | D:5      | 2876 ||| READING scroll of teleportation.
  2877 | D:5      | 2877 ||| DRINKING potion of heal wounds.
  3232 | D:5      | HP: 8/33 [steam dragon] (6)]
  3234 | D:5      | HP: 3/33 [steam dragon (3)]
  3235 | D:5      | Engulfed by a steam dragon's steam

Levels and vault maps discovered:
D:1:      saegor_arrival_simple_c, layout_loops_ring, basic_ecumenical_altar,
          nrook_uturn
D:2:      minmay_roachtagon, layout_rooms
D:3:      layout_loops_corners, overflow_temple_1_default
D:5:      layout_basic
D:6:      layout_basic, mainiacjoe_overflow_boulevard

Skill      XL: |  1  2  3  4  5 |
---------------+----------------+-----
Axes           | 2 3 4 5 |  5.2
Fighting       | |  3.8
Armour         | |  3.2
Shields        | |  3.2

Action                   |  1- 3 |  4- 6 || total
-------------------------+-------+-------++-------
Melee: War axe           |   106 |    83 ||   189
  Use: Scroll            |     4 |     5 ||     9
       Potion            |       |     4 ||     4
Armor: Scale mail        |    38 |    38 ||    76
       Chain mail        |       |    17 ||    17
Dodge: Dodged            |    42 |    36 ||    78
Block: Buckler           |    23 |    14 ||    37

Table legend:
 A = Non-vault XP
 B = Vault XP
 C = Vault XP percentage of total XP
 D = Non-vault monster count
 E = Vault monster count
 F = Vault count percentage of total count
                 A         B        C        D         E       F
            +---------+---------+-------+---------+---------+-------
      Total |     292 |      20 |   6.4 |      66 |      10 |  13.2
            +---------+---------+-------+---------+---------+-------
        D:1 |      45 |       0 |   0.0 |      27 |       0 |   0.0
        D:2 |      48 |      20 |  29.4 |      22 |      10 |  31.2
        D:3 |      15 |       0 |   0.0 |      11 |       0 |   0.0
        D:5 |     103 |       0 |   0.0 |       5 |       0 |   0.0
        D:6 |      81 |       0 |   0.0 |       1 |       0 |   0.0
            +---------+---------+-------+---------+---------+-------
